 Dungeon Crawl Stone Soup version 0.28.0-43-g3370ac3207 (webtiles) character file.

Game seed: 17143314346970768134

7 boopmooplesden the Slasher (level 1, 0/20 HPs)
             Began as a Minotaur Berserker on Mar 18, 2022.
             Was a Follower of Trog.
             Succumbed to a kobold's poison
             ... on level 1 of the Dungeon.
             The game lasted 00:00:37 (177 turns).

boopmooplesden the Slasher (Minotaur Berserker)      Turns: 177, Time: 00:00:38

Health: 0/20       AC:  2    Str: 21    XL:     1   Next: 91%
Magic:  0/0        EV: 12    Int:  4    God:    Trog [*.....]
Gold:   25         SH:  0    Dex:  9    Spells: 0/0 levels left

rFire   . . .      SeeInvis .   a - +0 falchion
rCold   . . .      Faith    .   (no shield)
rNeg    . . .      Spirit   .   c - +0 animal skin
rPois   .          Reflect  .   (helmet restricted)
rElec   .          Harm     .   (no cloak)
rCorr   .          Rampage  .   (no gloves)
Will    .....                   (no boots)
Stlth   +.........              (no amulet)
HPRegen 0.06/turn               (no ring)
MPRegen 0.07/turn               (no ring)

@: lethally poisoned (0 -> -6)
A: horns 2, retaliatory headbutt
a: Renounce Religion, Berserk


You were on level 1 of the Dungeon.
You worshipped Trog.
Trog was aware of your devotion.
You visited 1 branch of the dungeon, and saw 1 of its levels.

You collected 25 gold pieces.

Inventory:

Hand Weapons
 a - a +0 falchion (weapon)
 b - a +0 hunting sling
Missiles
 d - 10 stones (quivered)
Armour
 c - a +0 animal skin (worn)
Scrolls
 e - a scroll of teleportation {unknown}


   Skills:
 + Level 3.9 Fighting
 + Level 3.9 Long Blades
 + Level 2.5 Armour
 + Level 2.3 Dodging


You couldn't memorise any spells.
You didn't know any spells.
Your spell library was empty.

Dungeon Overview and Level Annotations

Branches:
Dungeon (1/15)

Altars:


Innate Abilities, Weirdness & Mutations

You have a pair of horns on your head.
You reflexively headbutt those who attack you in melee.


Message History

Fire: 12 stones
Press: ? - help, Q - select action Shift-Dir - straight line, f/p - kobold
Aim: a kobold, wielding a +2 short sword of venom (45% to hit)
You shoot a stone. The stone barely misses the kobold.
Fire: 11 stones
Press: ? - help, Q - select action Shift-Dir - straight line, f/p - kobold
Aim: a kobold, wielding a +2 short sword of venom (45% to hit)
You shoot a stone. The stone completely misses the kobold.
The kobold hits you with a +2 short sword of venom.
You are poisoned.
a - a +0 falchion (weapon)
You feel sick.
You closely miss the kobold.
You feel sick.
The kobold hits you with a +2 short sword of venom.
You are lethally poisoned!
You hit the kobold. Your headbutt misses the kobold.
The kobold is heavily wounded.
You feel very sick. The kobold misses you.
You hit the kobold.
You kill the kobold!
Trog accepts your kill.
* * * LOW HITPOINT WARNING * * *
You feel very sick.
* * * LOW HITPOINT WARNING * * *
You feel sick.
You see here a +2 short sword of venom.
You are too injured to fight recklessly!
You aren't carrying any potions.
* * * LOW HITPOINT WARNING * * *
You feel sick.
You see here a stone.
There is a lethal amount of poison in your body!
There is a lethal amount of poison in your body!
There is a lethal amount of poison in your body!
There is a lethal amount of poison in your body!
There is a lethal amount of poison in your body!
There is a lethal amount of poison in your body!
There is a lethal amount of poison in your body!
You die...

#####################
.....................
#######.#############
###.# # #...# # #...#
# ######().#... #
+.((.@.......... #
####(....####### #
##...?# # ........
###....### #.....
#....## #..... ##


There were no monsters in sight!

Vanquished Creatures
  A bat (D:1)
  A hobgoblin (D:1)
  A kobold (D:1)
  2 quokkas (D:1)
  A ball python (D:1)
6 creatures vanquished.

Notes
Turn   | Place    | Note
-------+----------+-------------------------------------------
     0 | D:1      | boopmooplesden the Minotaur Berserker began the quest for
                  | the Orb.
     0 | D:1      | Reached XP level 1. HP: 19/19 MP: 0/0
   177 | D:1      | Succumbed to a kobold's poison

Illustrated notes

Levels and vault maps discovered:
D:1:      eino_arrival_cavern_b, layout_basic

Action                   || total
-------------------------++-------
Melee: Falchion          ||     9
       Headbutt          ||     2
 Fire: Hunting sling     ||     5
Armor: Animal skin       ||     3
Dodge: Dodged            ||     6
